 Dungeon Crawl Stone Soup version 0.28.0-47-ge53b351184 (webtiles) character file.

Game seed: 15112128527251414380

23 issech the Cudgeller (level 2, 0/29 HPs)
             Began as a Troll Monk on May 8, 2022.
             Slain by a kobold
             ... wielding a +0 short sword of venom
              (1 damage)
             ... on level 2 of the Dungeon.
             The game lasted 00:03:36 (1211 turns).

issech the Cudgeller (Troll Monk)                   Turns: 1211, Time: 00:03:36

Health: 0/29       AC:  4    Str: 18    XL:     2   Next: 75%
Magic:  1/1        EV: 10    Int:  6    God:
Gold:   44         SH:  0    Dex: 12    Spells: 1/1 levels left

rFire   . . .      SeeInvis .   d - +0 war axe
rCold   . . .      Faith    .   (no shield)
rNeg    . . .      Spirit   .   b - +0 robe
rPois   .          Reflect  .   (helmet restricted)
rElec   .          Harm     .   (no cloak)
rCorr   .          Rampage  .   (gloves unavailable)
Will    .....                   (boots unavailable)
Stlth   ++........              (no amulet)
HPRegen 0.89/turn               (no ring)
MPRegen 0.07/turn               (no ring)

@: lethally poisoned (0 -> -2)
A: large, unfitting armour, claws 3, regeneration 1, shaggy fur 1, tough skin 1
a: no special abilities


You were on level 2 of the Dungeon.
You visited 1 branch of the dungeon, and saw 2 of its levels.

You collected 44 gold pieces.

Inventory:

Hand Weapons
 a - a +0 mace
 d - a +0 war axe (weapon)
Missiles
 c - 104 stones (quivered)
Armour
 b - a +0 robe (worn)
Scrolls
 h - a scroll of identify {unknown}
Potions
 e - 2 potions of degeneration {unknown}
 f - 2 potions of curing {unknown}
 g - a potion of magic {unknown}


   Skills:
 + Level 2.8 Fighting
 + Level 0.3(1.6) Axes
 + Level 2.9(3.0) Maces & Flails
 + Level 2.6 Dodging
 + Level 1.1 Stealth


You had one spell level left.
You didn't know any spells.
Your spell library contained the following spells:

 Spells                   Type           Power      Damage    Failure   Level
 Ignite Poison            Fire/Tmut/Pois 0%         N/A       83%         3
 Mephitic Cloud           Conj/Pois/Air  0%         N/A       83%         3
 Spider Form              Tmut/Pois      0%         N/A       83%         3
 Alistair's Intoxication  Tmut/Pois      0%         N/A       100%        5


Dungeon Overview and Level Annotations

Branches:
Dungeon (2/15)

Altars:


Innate Abilities, Weirdness & Mutations

You are too large for most types of armour.
You have claws for hands.
Your natural rate of healing is unusually fast.
You are covered in fur. (AC +1)
You have tough skin. (AC +1)


Message History

You feel sick. The dart slug launches a dart at you. The slug dart hits you.
The kobold barely misses you.
You miss the kobold.
The kobold is moderately wounded.
You feel sick. The kobold barely misses you.
The dart slug launches a dart at you.
The slug dart hits you but does no damage.
You closely miss the kobold.
The kobold is moderately wounded.
You barely miss the worm.
You feel sick. The kobold barely misses you.
The dart slug briefly extends its eye-stalks.
The dart slug launches a dart at you. The slug dart misses you.
The worm bites you but does no damage.
The kobold hits you with a +0 short sword of venom.
You are more poisoned.
You feel very sick. The dart slug launches a dart at you.
The slug dart hits you.
You feel sick.
You feel sick.
There is a stone staircase leading down here.
You feel sick.
You open the door.
You feel sick.
The kobold hits you with a +0 short sword of venom.
You are lethally poisoned!
* * * LOW HITPOINT WARNING * * *
You feel very sick.
There is an open door here.
An adder comes into view.
* * * LOW HITPOINT WARNING * * *
You feel very sick.
* * * LOW HITPOINT WARNING * * *
You feel sick.
You closely miss the kobold.
* * * LOW HITPOINT WARNING * * *
You feel very sick.
The adder hisses angrily.
The kobold hits you with a +0 short sword of venom.
You die...

+# ... ...######
.........
........###############
........#............<#
......S.#.###########.#
#@#.......# #.#
#K#†......# ###
##'#.......#
#.w........#
+.>........#
#.w..#######
#.#....########
#.#............
#.....#########


You could see a worm, an adder, a dart slug and a kobold.

Vanquished Creatures
  A bat (D:1)
  6 endoplasms (D:1)
  A giant cockroach (D:2)
  3 hobgoblins
  A quokka (D:1)
  A ball python (D:1)
  3 goblins (D:1)
  2 kobolds (D:1)
  2 rats (D:1)
20 creatures vanquished.

Notes
Turn   | Place    | Note
-------+----------+-------------------------------------------
     0 | D:1      | issech the Troll Monk began the quest for the Orb.
     0 | D:1      | Reached XP level 1. HP: 22/22 MP: 0/0
   156 | D:1      | Got the Reference Book on Poisoning
   219 | D:1      | Reached XP level 2. HP: 29/29 MP: 1/1
   398 | D:1      | Found a faded altar of an unknown god.
  1211 | D:2      | HP: 1/29 [poisoned by a kobold]
  1211 | D:2      | Slain by a kobold

Illustrated notes

Levels and vault maps discovered:
D:1:      dpeg_arrival_morbid_curiosity, layout_loops_ring,
          shapermc_ecumenical_altar_totnotflames
D:2:      layout_basic, uniq_terence

Action                   || total
-------------------------++-------
Melee: Mace              ||    10
       War axe           ||    40
       Punch             ||     1
 Stab: Sleeping          ||     2
Armor: Robe              ||    24
Dodge: Dodged            ||    30
